 Dungeon Crawl Stone Soup version 0.30-a0-377-g5cb311bc9f (webtiles) character file.

Game seed: 5074652501613544096

12 mintfox the Cutter (level 2, -1/17 HPs)
             Began as a Tengu Gladiator on Nov 28, 2022.
             Slain by a worm (9 damage)
             ... on level 2 of the Dungeon.
             The game lasted 00:04:26 (347 turns).

mintfox the Cutter (Tengu Gladiator)                 Turns: 347, Time: 00:04:27

Health: -1/17      AC:  3    Str: 14    XL:     2   Next: 33%
Magic:  3/3        EV: 13    Int:  8    God:
Gold:   85         SH:  0    Dex: 15    Spells: 1/1 levels left

rFire   . . .      SeeInvis .    a - +0 rapier
rCold   . . .      Faith    .    (no shield)
rNeg    . . .      Spirit   .    b - +0 leather armour
rPois   .          Reflect  .    c - +0 hat
rElec   .          Harm     .    (no cloak)
rCorr   .          Rampage  .    (no gloves)
Will    .....                    (boots unavailable)
Stlth   +.........               (no amulet)
HPRegen 0.22/turn                (no ring)
MPRegen 0.08/turn                (no ring)

@: no status effects
A: beak, talons 3
a: no special abilities


You were on level 2 of the Dungeon.
You visited 1 branch of the dungeon, and saw 2 of its levels.

You collected 85 gold pieces.

Inventory:

Hand Weapons
 a - a +0 rapier (weapon)
 h - a +0 short sword
 i - a +0 quarterstaff
Missiles
 d - 3 throwing nets (quivered)
 e - a javelin
Armour
 b - a +0 leather armour (worn)
 c - a +0 hat (worn)
Scrolls
 g - a scroll of torment {unknown}
Potions
 f - a potion of invisibility {unknown}
 j - a potion of heal wounds {unknown}
 k - a potion of degeneration {unknown}


   Skills:
 + Level 2.0 Fighting
 + Level 3.6 Short Blades
 + Level 2.3 Throwing
 + Level 3.5 Dodging


You had one spell level left.
You didn't know any spells.
Your spell library was empty.

Dungeon Overview and Level Annotations

Branches:
Dungeon (1/15)

Altars:


Innate Abilities, Weirdness & Mutations

You have a beak for a mouth.
You have claws for feet.


Message History

The rat moves out of view.
There is an open door here.
The rat closely misses you. The rat bites you.
The rat attacks as you move away! The rat barely misses you.
You open the large door.
A kobold, a worm and a bat come into view.
The rat bites you but does no damage.
Found 2 lumpy sapphire potions and a tapered bronze wand.
You hit the rat but do no damage. You peck the rat, but do no damage.
The rat bites you but does no damage.
You hit the rat.
You kill the rat!
You hit the bat.
You kill the bat!
There is a large open door, spattered with blood here.
You see here a bat corpse.
You hit the kobold. Your peck misses the kobold.
The kobold is heavily wounded.
The kobold hits you with a +0 whip.
You hit the kobold.
You kill the kobold!
A worm is nearby!
You start resting.
HP restored.
You barely miss the worm. You claw the worm.
You peck the worm, but do no damage.
The worm is lightly wounded.
The worm barely misses you.
You hit the worm. You peck the worm.
The worm is moderately wounded.
You barely miss the worm. You claw the worm.
The worm is heavily wounded.
The worm bites you!
Ouch! That really hurt!
You hit the worm. You claw the worm, but do no damage.
The worm is heavily wounded.
The worm bites you!
Ouch! That really hurt!
You die...

#§≈§..≈≈≈#
....
#≈≈≈!.≈≈≈#
....
+./......+
..
+§.§!....+ #
. #≈§§..§§§#
..#.##
#≈≈≈.w§≈≈#
...<..
#≈≈≈..≈§§#
#####
###')####
+....
#....w@.#
####.
#...#†..#
#########(
#...#...#
#.........
#..^#...#
#.........
#...#...#
#.........
#...##'#####
#.........
#..........#
#........#
###).......#
#........#
##.>......#
##........


You could see a worm.

Vanquished Creatures
  A dart slug (D:2)
  2 bats (D:2)
  3 goblins (D:2)
  2 kobolds (D:2)
  2 rats (D:2)
10 creatures vanquished.

Notes
Turn   | Place    | Note
-------+----------+-------------------------------------------
     0 | D:1      | mintfox the Tengu Gladiator began the quest for the Orb.
     0 | D:1      | Reached XP level 1. HP: 12/12 MP: 2/2
     4 | D:1      | You fall into a shaft and drop 1 floor!
   221 | D:2      | Reached XP level 2. HP: 16/17 MP: 3/3
   347 | D:2      | Slain by a worm

Illustrated notes

Levels and vault maps discovered:
D:1:      lordsloth_arrival_two_stooges, layout_rooms, st_stairs_1
D:2:      layout_basic, kennysheep_generic_room_5

Action                   || total
-------------------------++-------
Melee: Rapier            ||    22
       Kick              ||     5
       Peck              ||     5
       Punch             ||     1
Armor: Leather armour    ||     5
Dodge: Dodged            ||    13

Table legend: (Time is in decaauts)
 A = Elapsed time spent in this place.
 B = Non-inter-level travel time spent in this place.
 C = Inter-level travel time spent in this place.
 D = Time resting spent in this place.
 E = Time spent auto-exploring this place.
 F = Levels seen in this place.
 G = Mean time per level.
                   A        B        C        D        E       F      G
               +--------+--------+--------+--------+--------+-----+--------+
         Total |    347 |    347 |      0 |    165 |      0 |   2 |  173.5 |
       Dungeon |    347 |    347 |      0 |    165 |      0 |   2 |  173.5 |
               +--------+--------+--------+--------+--------+-----+--------+

Top non-repeatable levels by time:
     D:2: 343 daAuts
     D:1: 4 daAuts
